 Dungeon Crawl Stone Soup version 0.25.0-9-g26727b657a (webtiles) character file.

Game seed: 16113044984833731458

610 theswoord the Slasher (level 7, -13/52 HPs)
             Began as a Demonspawn Monk on June 19, 2020.
             Mangled by an ogre
             ... wielding a +0 giant club
              (23 damage)
             ... on level 4 of the Dungeon.
             The game lasted 00:05:27 (4514 turns).

theswoord the Slasher (Demonspawn Monk)             Turns: 4514, Time: 00:05:27

Health: -13/52     AC:  7    Str: 13    XL:     7   Next: 20%
Magic:  0/7        EV: 11    Int: 12    God:
Gold:   124        SH:  0    Dex: 15    Spells: 6/6 levels left

rFire    + . .     SeeInvis .   a - +0 falchion
rCold    + + .     Gourm    .   (no shield)
rNeg     . . .     Faith    .   e - +0 scale mail
rPois    +         Spirit   +   (helmet restricted)
rElec    .         Reflect  .   (no cloak)
rCorr    .         Harm     .   (no gloves)
MR       +....                  n - +0 pair of boots
Stlth    +.........             o - amulet of guardian spirit
HPRegen  0.17/turn              w - ring of protection from cold
MPRegen  0.10/turn              (no ring)

@: no status effects
A: antennae 1, talons 1, cold resistance 1, fire resistance 1, magic resistance
1, poison resistance, sturdy frame 1
a: no special abilities


You were on level 4 of the Dungeon.
You were not hungry.

You visited 1 branch of the dungeon, and saw 4 of its levels.

You collected 124 gold pieces.

Inventory:

Hand Weapons
 a - a +0 falchion (weapon)
Armour
 b - a +0 robe
 e - a +0 scale mail (worn)
 m - a +0 cloak
 n - a +0 pair of boots (worn)
Jewellery
 i - an uncursed ring of fire
 o - an amulet of guardian spirit (around neck)
 w - a ring of protection from cold (left hand)
Scrolls
 g - a scroll of immolation {unknown}
 h - a scroll of enchant weapon {unknown}
 j - a scroll of enchant armour {unknown}
 k - 3 scrolls of magic mapping
 p - a scroll of identify
 q - a scroll of blinking
 t - a scroll of remove curse
 v - 2 scrolls of teleportation
Potions
 d - 2 potions of haste {unknown}
 f - 2 potions of cancellation
 l - a potion of stabbing {unknown}
 r - a potion of flight {unknown}
 s - a potion of curing {unknown}
 u - a potion of degeneration {unknown}
Comestibles
 c - 7 rations


   Skills:
 - Level 3.0 Fighting
 + Level 7.7 Long Blades
 - Level 2.6 Dodging
 - Level 1.7 Stealth


You had 6 spell levels left.
You didn't know any spells.
Your spell library was empty.

Dungeon Overview and Level Annotations

Branches:
Dungeon (4/15)
 Temple: D:4-7

Altars:
Xom

Shops:
D:4 (


Innate Abilities, Weirdness & Mutations

You have a pair of small antennae on your head.
Your flesh is heat resistant. (rF+)
Your movements are slightly less encumbered by armour. (ER -2)
You have sharp toenails.
Your flesh is cold resistant. (rC+)
You are resistant to hostile enchantments. (MR+)
Your system is resistant to poisons. (rPois)


Message History

An ogre is nearby!
An ogre is nearby!
The ogre barely misses you.
You riposte.
You hit the ogre.
The ogre is lightly wounded.
You hit the ogre.
The ogre is lightly wounded.
The ogre hits you with a +0 giant club!!
You hit the ogre.
The ogre is moderately wounded.
The ogre hits you with a +0 giant club!
You hit the ogre.
The ogre is heavily wounded.
You barely miss the ogre.
The ogre is heavily wounded.
The ogre hits you with a +0 giant club!!
* * * LOW HITPOINT WARNING * * *
You hit the ogre.
The ogre is heavily wounded.
The ogre hits you with a +0 giant club!!
You die...

# #........#.# #.
#........#.#
#.###...∩....#.#####
..................># ##
#.#.#........#...#.#..#
#.######..####.#.#..#
#.### ##.# #......#
.##...#####.######.##.##
...............O@......#
###...........###..#####
##......... #..#
#.......... #.$#
#...####.#. #... ##...##
.# ##.## ......# #.#
......# .# ......#


You could see an ogre.

Vanquished Creatures
  Grinder (D:3)
  A centaur (D:3)
  A scorpion (D:3)
  Crazy Yiuf (D:3)
  A bullfrog skeleton (D:4)
  An iguana (D:4)
  2 worker ants (D:4)
  7 adders
  2 oozes
  A worm (D:2)
  A dart slug (D:2)
  5 leopard geckos
  3 orcs (D:3)
  2 giant cockroaches
  13 goblins
  5 hobgoblins
  3 jackals (D:1)
  8 kobolds
  2 quokkas
  7 bats
  2 frilled lizards
  10 rats
79 creatures vanquished.

Notes
Turn   | Place    | Note
-------+----------+-------------------------------------------
     0 | D:1      | theswoord the Demonspawn Monk began the quest for the Orb.
     0 | D:1      | Reached XP level 1. HP: 18/18 MP: 1/1
    80 | D:1      | Reached skill level 3 in Long Blades
   254 | D:1      | Gained mutation: Your flesh is heat resistant. (rF+)
                  | [demonic ancestry]
   254 | D:1      | Reached XP level 2. HP: 15/24 MP: 2/2
   802 | D:1      | Gained mutation: You have a pair of small antennae on your
                  | head. [demonic ancestry]
   802 | D:1      | Reached XP level 3. HP: 29/29 MP: 3/3
   961 | D:1      | Reached skill level 4 in Long Blades
  1697 | D:2      | Found a shimmering altar of Xom.
  1878 | D:2      | Reached XP level 4. HP: 22/35 MP: 2/4
  2458 | D:3      | Noticed a centaur
  2475 | D:3      | Killed a centaur
  2475 | D:3      | Reached skill level 5 in Long Blades
  2475 | D:3      | Reached XP level 5. HP: 30/41 MP: 0/5
  3031 | D:3      | Noticed Grinder
  3038 | D:3      | Gained mutation: Your flesh is cold resistant. (rC+)
                  | [potion of mutation]
  3038 | D:3      | Gained mutation: Your system is resistant to poisons.
                  | (rPois) [potion of mutation]
  3038 | D:3      | Gained mutation: You are resistant to hostile enchantments.
                  | (MR+) [potion of mutation]
  3038 | D:3      | Gained mutation: You have sharp toenails. [potion of
                  | mutation]
  3048 | D:3      | Paralysed by Grinder for 5 turns
  3054 | D:3      | Killed Grinder
  3054 | D:3      | Reached skill level 6 in Long Blades
  3054 | D:3      | Gained mutation: Your movements are slightly less
                  | encumbered by armour. (ER -2) [demonic ancestry]
  3054 | D:3      | Reached XP level 6. HP: 18/47 MP: 3/6
  3344 | D:3      | Reached skill level 7 in Long Blades
  3551 | D:3      | Found a runed translucent door.
  3552 | D:3      | Noticed Crazy Yiuf
  3827 | D:3      | Killed Crazy Yiuf
  4021 | D:4      | Reached XP level 7. HP: 49/52 MP: 5/7
  4489 | D:4      | Found Funil's Antique Weapon Emporium.
  4514 | D:4      | Mangled by an ogre

Skill      XL: |  1  2  3  4  5  6 |
---------------+-------------------+-----
Long Blades    | 3 4 5 6 7 |  7.7
Fighting       | |  3.0
Dodging        | |  2.6
Stealth        | |  1.7

Action                   |  1- 3 |  4- 6 |  7- 9 || total
-------------------------+-------+-------+-------++-------
Melee: Falchion          |   142 |   149 |    60 ||   351
  Use: Scroll            |       |     7 |       ||     7
       Potion            |       |     5 |       ||     5
 Stab: Sleeping          |     6 |     4 |       ||    10
  Eat: Chunk             |     3 |     7 |     2 ||    12
Armor: Robe              |    22 |     5 |       ||    27
       Scale mail        |       |    47 |    21 ||    68
Dodge: Dodged            |   125 |    82 |    26 ||   233
       Rpst.: Falchion   |    39 |    27 |     5 ||    71

Levels and vault maps discovered:
D:1:      dpeg_arrival_triangle_fractal, layout_loops_ring
D:2:      layout_basic, old_standard_altar
D:3:      layout_basic, chequers_serial_rivers_room_a, uniq_grinder,
          uniq_crazy_yiuf_cottage
D:4:      layout_basic, serial_shops, shop, grunt_decor_mini_mirrors,
          trog_butcher_becter
